 Dungeon Crawl Stone Soup version 0.26.1-11-gd32895ea62 (webtiles) character file.

Game seed: 4993652189782961001

1550 Zeld the Cutter (level 8, -1/50 HPs)
             Began as an Octopode Brigand on May 15, 2021.
             Was an Initiate of Fedhas.
             Slain by a cane toad (18 damage)
             ... on level 8 of the Dungeon.
             The game lasted 00:12:37 (11314 turns).

Zeld the Cutter (Octopode Brigand)                 Turns: 11314, Time: 00:12:37

Health: -1/50      AC:  1    Str: 12    XL:     8   Next: 88%
Magic:  16/16      EV: 13    Int: 14    God:    Fedhas [......]
Gold:   174        SH:  0    Dex: 13    Spells: 18/18 levels left

rFire    . . .     SeeInvis .   a - +4 dagger
rCold    . . .     Faith    .   (no shield)
rNeg     . . .     Spirit   .   (helmet restricted)
rPois    +         Reflect  .   D - amulet of the acrobat
rElec    .         Harm     .   C - ring of poison resistance
rCorr    +         Rampage  .   u - ring of willpower
Will     +....                  f - ring of resist corrosion
Stlth    ++++......             (no ring)
HPRegen  0.16/turn              (no ring)
MPRegen  0.15/turn              (no ring)
                                (no ring)
                                (no ring)

@: no status effects
A: almost no armour, stealthy swim, amphibious, 8 rings, constrict 8, camouflage
1, gelatinous body 1
a: Renounce Religion


You were on level 8 of the Dungeon.
You worshipped Fedhas.
Fedhas was noncommittal.
You visited 2 branches of the dungeon, and saw 9 of its levels.

You collected 548 gold pieces.
You spent 374 gold pieces at shops.

Inventory:

Hand Weapons
 a - a +4 dagger (weapon)
 b - a +0 dagger of holy wrath
 v - a +3 dagger of protection
Missiles
 c - 2 curare-tipped darts
 i - 9 poisoned darts (quivered)
 l - 6 datura-tipped darts
Jewellery
 f - a ring of resist corrosion (on tentacle)
 u - a ring of willpower (right tentacle)
 y - a +6 ring of strength
 B - a +4 ring of evasion
 C - a ring of poison resistance (left tentacle)
 D - an amulet of the acrobat (around mantle)
Wands
 h - a wand of enslavement (9)
 r - a wand of paralysis (7)
 w - a wand of polymorph (10)
 x - a wand of flame (32)
Scrolls
 d - 3 scrolls of amnesia
 g - 5 scrolls of teleportation
 m - 7 scrolls of remove curse
 z - 2 scrolls of enchant armour
Potions
 e - 2 potions of degeneration {unknown}
 j - 3 potions of flight
 k - a potion of might {unknown}
 n - a potion of berserk rage {unknown}
 o - 3 potions of brilliance {unknown}
 p - 3 potions of curing {unknown}
 q - a potion of lignification {unknown}
 s - 2 potions of attraction {unknown}
 A - 4 potions of heal wounds {unknown}


   Skills:
 - Level 2.0 Fighting
 * Level 6.8 Short Blades
 - Level 6.0 Throwing
 - Level 1.0 Dodging
 - Level 5.3 Stealth
 + Level 5.7 Spellcasting


You had 18 spell levels left.
You didn't know any spells.
Your spell library contained the following spells:

 Spells                   Type           Power        Failure   Level
 Corona                   Hex            3%           16%         1
 Magic Dart               Conj           12%          16%         1
 Summon Small Mammal      Summ           12%          16%         1
 Call Imp                 Summ           3%           24%         2
 Ensorcelled Hibernation  Hex/Ice        6%           24%         2
 Searing Ray              Conj           6%           24%         2
 Call Canine Familiar     Summ           3%           43%         3
 Confusing Touch          Hex            3%           43%         3
 Dazzling Flash           Conj/Hex       6%           43%         3
 Summon Guardian Golem    Hex/Summ       3%           43%         3
 Tukima's Dance           Hex            3%           43%         3
 Fulminant Prism          Conj/Hex       1%           85%         4
 Iskenderun's Mystic Bla  Conj/Tloc      3%           85%         4
 Summon Ice Beast         Ice/Summ       3%           85%         4
 Summon Lightning Spire   Summ/Air       3%           85%         4


Dungeon Overview and Level Annotations

Branches:
Dungeon (8/15)             Temple (1/1) D:5
   Lair: D:8-11

Altars:
Ashenzari
Cheibriados
Dithmenos
Elyvilon
Fedhas
Gozag
Hepliaklqana
Kikubaaqudgha
Makhleb
Nemelex Xobeh
Okawaru
Qazlal
Ru
Sif Muna
Trog
Uskayaw
Vehumet
Wu Jian
Xom
Yredelemnul
Zin
The Shining One

Shops:
D:6 :*}


Innate Abilities, Weirdness & Mutations

You cannot wear most types of armour.
You are very stealthy in the water. (Stealth+)
You are amphibious.
You can wear up to eight rings at the same time.
You can use your tentacles to constrict eight enemies at once.
Your skin changes colour to match your surroundings (Stealth+).
Your rubbery body absorbs attacks. (AC +1, EV +1)


Message History

The cane toad is lightly wounded.
You constrict the cane toad. You hit the cane toad.
You squeeze the cane toad, but do no damage.
The cane toad is moderately wounded.
You constrict the cane toad. The cane toad misses you.
You hit the cane toad.
You squeeze the cane toad, but do no damage.
The cane toad is heavily wounded.
You constrict the cane toad, but do no damage.
The cane toad stings you!
You are too injured to fight recklessly!
You are too injured to fight recklessly!
You are too injured to fight recklessly!
You hit the cane toad.
The cane toad is heavily wounded.
You constrict the cane toad, but do no damage.
The cane toad stings you!!
You die...
Fedhas appreciates your contribution to the ecosystem.

#......#
#......###
#.........
##.###...
#.# . #.#
#.# #F#
#@# #.#
#.# #.#
#.# #.#
#.# #.#


You could see a cane toad.

Vanquished Creatures
  Sigmund (D:2)
  Duvessa (D:6)
  2 ogres
  A necrophage (D:6)
  A centaur (D:7)
  A big kobold (D:7)
  2 bullfrogs
  Dowan (D:6)
  A water moccasin zombie (D:5)
  A scorpion (D:4)
  A jelly (D:5)
  2 orc priests
  2 centaur skeletons
  2 iguanas
  2 orc wizards
  A bullfrog skeleton (D:7)
  A killer bee zombie (D:5)
  A worker ant (D:5)
  A howler monkey zombie (D:5)
  4 gnolls (D:6)
  5 adders
  A white imp (D:5)
  2 oozes
  2 ufetubi
  An adder zombie (D:5)
  An adder skeleton (D:4)
  3 worms
  2 dart slugs
  5 leopard geckos
  14 orcs
  3 giant cockroaches
  6 hobgoblins
  12 jackals
  10 kobolds
  5 quokkas
  6 ball pythons
  9 bats
  8 frilled lizards
  16 goblins
  12 rats
152 creatures vanquished.

Vanquished Creatures (others)
  7 plants (D:6)
7 creatures vanquished.

Grand Total: 159 creatures vanquished

Notes
Turn   | Place    | Note
-------+----------+-------------------------------------------
     0 | D:1      | Zeld the Octopode Brigand began the quest for the Orb.
     0 | D:1      | Reached XP level 1. HP: 14/14 MP: 1/1
     6 | D:1      | Noticed a black bear
     6 | D:1      | Noticed an iguana
     6 | D:1      | Noticed a worker ant
     6 | D:1      | Noticed an anaconda
   159 | D:1      | Reached XP level 2. HP: 19/19 MP: 2/2
   296 | D:1      | Reached skill level 1 in Spellcasting
   397 | D:1      | Reached XP level 3. HP: 24/24 MP: 4/4
   987 | D:2      | Reached XP level 4. HP: 29/29 MP: 6/6
  1295 | D:2      | Noticed Sigmund
  1828 | D:2      | Found a broken altar of Ashenzari.
  1829 | D:2      | Found a shadowy altar of Dithmenos.
  1829 | D:2      | Found an ancient bone altar of Kikubaaqudgha.
  1831 | D:2      | Found a stormy altar of Qazlal.
  1831 | D:2      | Found a hide-covered altar of Uskayaw.
  1834 | D:2      | Found a shimmering altar of Xom.
  1834 | D:2      | Found a burning altar of Makhleb.
  3385 | D:2      | Killed Sigmund
  3386 | D:2      | Reached skill level 5 in Throwing
  3386 | D:2      | Reached XP level 5. HP: 34/34 MP: 7/9
  3386 | D:2      | Reached XP level 6. HP: 39/39 MP: 7/10
  4035 | D:3      | Found an opulent altar of Gozag.
  4193 | D:3      | Found a glowing silver altar of Zin.
  4669 | D:4      | Reached XP level 7. HP: 37/45 MP: 10/12
  5467 | D:5      | Entered Level 5 of the Dungeon
  5508 | D:5      | Found a staircase to the Ecumenical Temple.
  5519 | Temple   | Entered the Ecumenical Temple
  6613 | D:5      | HP: 2/45 [poisoned by a worker ant]
  6621 | D:5      | HP: 1/45 [poisoned by a worker ant]
  7434 | D:5      | Found a bloodstained altar of Trog.
  8031 | D:4      | Reached XP level 8. HP: 50/50 MP: 14/14
  8641 | D:6      | Noticed Duvessa
  8641 | D:6      | Noticed Dowan
  8741 | D:6      | Killed Duvessa
  8742 | D:6      | Reached skill level 5 in Short Blades
  8755 | D:6      | Found a sacrificial altar of Ru.
  8973 | D:6      | Killed Dowan
  9175 | D:6      | Reached skill level 5 in Spellcasting
  9248 | D:6      | Found Ysir's Gadget Shop.
  9253 | D:6      | Bought a wand of polymorph (11) for 143 gold pieces
  9253 | D:6      | Bought a wand of flame (10) for 66 gold pieces
  9253 | D:6      | Bought a wand of flame (22) for 132 gold pieces
  9307 | D:6      | Found Lulud's General Store.
  9316 | D:6      | Bought a potion of flight for 33 gold pieces
  9355 | D:6      | Found Giomeps's Book Boutique.
  9696 | D:6      | Found a blossoming altar of Fedhas.
  9725 | D:6      | Noticed an oklob plant
  9733 | D:6      | Became a worshipper of Fedhas Madash
 10703 | D:7      | Found an ornate altar of the Wu Jian Council.
 11309 | D:8      | Noticed a cane toad
 11314 | D:8      | Slain by a cane toad

Illustrated notes

Levels and vault maps discovered:
D:1:      onia_arrival_zoo_common, layout_rooms
D:2:      layout_rooms, grunt_temple_overflow_open, eino_tiny_chamber,
          minmay_joined_circles, uniq_sigmund
D:3:      kennysheep_the_goblin_king, layout_loops_corners,
          pdpol_temple_overflow_zin_treasury_gozag_greed,
          kennysheep_generic_room_3
D:4:      layout_loops_cross
D:5:      layout_cave_pools, nicolae_overflow_hidden_temple,
          minmay_temple_entry_enclosed_plants, cheibrodos_sewer_entry_bend
D:6:      layout_rooms, kennysheep_mini_moat, tgw_fedhas, serial_shops,
          nicolae_shop_behind_doors, nicolae_shop_trees, shop, uniq_duvessa
D:7:      layout_rooms, nzn_wu_jian_council_hall, minmay_misc_feat_tiny,
          corexii_leaking_fountain
D:8:      layout_basic, serial_shops, nicolae_shop_competitors_out_of_business,
          chequers_mini_garden
Temple:   chequers_temple_sunken

Skill      XL: |  1  2  3  4  5  6  7  8 |
---------------+-------------------------+-----
Throwing       | 3 5 6 |  6.0
Spellcasting   | 1 2 3 4 5 |  5.7
Short Blades   | 4 6 |  6.8
Fighting       | |  2.0
Dodging        | |  1.0
Stealth        | |  5.3

Action                   |  1- 3 |  4- 6 |  7- 9 || total
-------------------------+-------+-------+-------++-------
Melee: Dagger            |    51 |   139 |   209 ||   399
       Constrict         |    10 |    33 |    34 ||    77
       Tentacles         |     8 |    21 |    45 ||    74
Throw: Dart              |       |    24 |    12 ||    36
Evoke: Wand              |       |     1 |     1 ||     2
  Use: Scroll            |       |       |    20 ||    20
 Stab: Sleeping          |    15 |     9 |     7 ||    31
Armor: Skin              |     2 |    14 |    18 ||    34
Dodge: Dodged            |    23 |   102 |   135 ||   260
